 Dungeon Crawl Stone Soup version 0.28.0-53-g5a82cb258f (webtiles) character file.

Game seed: 2439502959803829847

254 Zyrden the Ruffian (level 5, -3/41 HPs)
             Began as a Draconian Transmuter on July 10, 2022.
             Was an Initiate of Makhleb.
             Shot with an arrow by a centaur (11 damage)
             ... on level 5 of the Dungeon.
             The game lasted 00:33:39 (2764 turns).

Zyrden the Ruffian (Draconian Transmuter)           Turns: 2764, Time: 00:33:40

Health: -3/41      AC:  5    Str: 13    XL:     5   Next: 90%
Magic:  8/8        EV: 12    Int: 15    God:    Makhleb [......]
Gold:   185        SH:  0    Dex: 11    Spells: 8/9 levels left

rFire   . . .      SeeInvis .     - Unarmed
rCold   . . .      Faith    .   (no shield)
rNeg    . . .      Spirit   .   (armour unavailable)
rPois   .          Reflect  .   (helmet currently unavailable)
rElec   .          Harm     .   (no cloak)
rCorr   .          Rampage  .   (no gloves)
Will    .....                   (boots currently unavailable)
Stlth   ++........              (no amulet)
HPRegen 0.13/turn               (no ring)
MPRegen 0.11/turn               (no ring)

@: appendages (expiring)
A: horns 2, talons 2, AC +5, unfitting armour, cold-blooded
a: End Transformation, Renounce Religion


You were on level 5 of the Dungeon.
You worshipped Makhleb.
Makhleb was noncommittal.
You had temporarily grown beastly horns and talons.
You visited 2 branches of the dungeon, and saw 6 of its levels.

You collected 185 gold pieces.

Inventory:

Missiles
 f - 2 poisoned darts (quivered)
Magical Staves
 e - a staff of poison
Jewellery
 k - a ring of poison resistance
Scrolls
 a - a scroll of identify {unknown}
 b - 2 scrolls of magic mapping {unknown}
 c - a scroll of teleportation {unknown}
 j - a scroll of fear {unknown}
Potions
 d - 2 potions of degeneration {unknown}
 g - a potion of brilliance {unknown}
 h - a potion of flight {unknown}
 i - a potion of attraction {unknown}


   Skills:
 + Level 2.0 Fighting
 - Level 1.3 Maces & Flails
 + Level 2.4 Dodging
 + Level 1.3 Stealth
 * Level 5.0 Unarmed Combat
 + Level 2.5 Spellcasting
 + Level 2.5 Transmutations


You had 8 spell levels left.
You knew the following spells:

 Your Spells              Type           Power      Damage    Failure   Level
a - Beastly Appendage     Tmut           18%        N/A       8%          1

Your spell library contained the following spells:

 Spells                   Type           Power      Damage    Failure   Level
 Wereblood                Tmut           9%         N/A       12%         2
 Spider Form              Tmut/Pois      5%         N/A       36%         3
 Ignite Poison            Fire/Tmut/Pois 4%         N/A       41%         3
 Conjure Flame            Conj/Fire      1%         6-21      54%         3
 Ice Form                 Ice/Tmut       5%         N/A       77%         4
 Sticky Flame             Conj/Fire      1%         2d3       91%         4


Dungeon Overview and Level Annotations

Branches:
Dungeon (5/15)             Temple (1/1) D:4

Altars:
Ashenzari
Cheibriados
Dithmenos
Gozag
Hepliaklqana
Kikubaaqudgha
Makhleb
Okawaru
Sif Muna
Trog
Uskayaw
Vehumet
Wu Jian
Xom
Yredelemnul
Zin


Innate Abilities, Weirdness & Mutations

You have temporarily grown beastly horns and talons.
Your plain brown scales are hard. (AC +5)
You cannot fit into any form of body armour.
You are cold-blooded and may be slowed by cold attacks.


Message History

The howler monkey closely misses you.
You punch the howler monkey!
The howler monkey is almost dead.
The howler monkey hoots and howls with incredible vigour!
The dart slug launches a dart at you. The slug dart hits you.
The dart slug launches a dart at you.
The slug dart hits you but does no damage.
You hear a shout! x4; You hear an angry growl.
You barely miss the howler monkey. Your kick misses the howler monkey.
The howler monkey is almost dead.
The howler monkey hits you but does no damage.
The dart slug launches a dart at you.
The slug dart hits you but does no damage.
An orc wizard comes into view. It is wielding a +0 dagger.
The dart slug briefly extends its eye-stalks.
An iguana and a centaur come into view.
The centaur shouts!
The hound closely misses you.
The howler monkey hoots and howls with incredible vigour!
The centaur wields a +0 shortbow.
The centaur shoots an arrow.
The arrow hits you.
A wight comes into view. It is wielding a +4 dagger.
The howler monkey closely misses you. The hound barely misses you.
You hear a shout! x2
There is a stone staircase leading up here.
You hit the howler monkey but do no damage.
The howler monkey is almost dead.
The centaur shoots an arrow.
The arrow hits you. The hound misses you.
A necrophage comes into view.
The howler monkey hoots and howls with incredible vigour!
The wight hits you with a +0 falchion. The dart slug launches a dart at you.
The slug dart hits you but does no damage.
The centaur shoots an arrow.
The arrow hits you!
* * * LOW HITPOINT WARNING * * *
Your transformation is almost over.
The hound bites you but does no damage.
The centaur shoots an arrow.
The arrow hits you!
You die...

..≈≈.≈≈#..
##.≈≈≈≈o#≈.$.#
##≈≈≈≈≈≈≈≈≈#≈..
#w≈≈#≈≈≈≈≈≈≈≈n.
≈≈≈≈≈≈≈≈≈≈≈≈≈ #≈
≈≈≈≈≈≈≈≈≈≈≈≈
≈≈≈≈##≈≈w≈≈##w≈≈
≈≈≈≈.≈≈.hh≈≈..#≈
.≈w?!.♣z@.)..l≈≈
≈≈≈.z.≈.(.≈≈≈.≈≈
≈≈##≈≈≈≈≈≈≈≈.≈≈≈
. #≈≈≈≈≈≈≈≈≈≈≈#≈
.w≈≈≈≈≈≈≈≈≈≈≈≈w
..w≈#≈≈≈≈≈≈≈≈≈≈#
#.z≈z≈≈≈≈≈≈≈w≈##
##...≈≈#w≈≈≈..c


You could see a necrophage, a centaur, a howler monkey (catching breath), an
iguana, a hound, 4 wights, an orc wizard and 8 dart slugs.

Vanquished Creatures
  An ogre (D:4)
  A howler monkey (D:4)
  A centaur skeleton (D:4)
  6 adders
  2 dart slugs
  An orc (D:4)
  7 ball pythons
  3 endoplasms
  2 giant cockroaches
  9 goblins
  3 hobgoblins
  3 jackals (D:2)
  A quokka (D:1)
  5 bats
  3 kobolds
  3 rats
51 creatures vanquished.

Vanquished Creatures (others)
  A plant (D:3)
1 creature vanquished.

Grand Total: 52 creatures vanquished

Notes
Turn   | Place    | Note
-------+----------+-------------------------------------------
     0 | D:1      | Zyrden the Draconian Transmuter began the quest for the
                  | Orb.
     0 | D:1      | Reached XP level 1. HP: 16/16 MP: 3/3
   120 | D:1      | Reached XP level 2. HP: 7/23 MP: 5/5
   869 | D:2      | Reached XP level 3. HP: 28/28 MP: 6/6
   924 | D:2      | Reached skill level 1 in Stealth
  1053 | D:2      | Reached skill level 1 in Maces & Flails
  1447 | D:4      | Noticed an ogre
  1466 | D:4      | Killed an ogre
  1467 | D:4      | Reached skill level 4 in Unarmed Combat
  1467 | D:4      | Reached XP level 4. HP: 8/36 MP: 5/7
  1467 | D:4      | Reached XP level 5. HP: 9/41 MP: 5/8
  2065 | D:4      | Found a staircase to the Ecumenical Temple.
  2285 | Temple   | Entered the Ecumenical Temple
  2571 | Temple   | Became a worshipper of Makhleb the Destroyer
  2640 | D:4      | Reached skill level 5 in Unarmed Combat
  2748 | D:5      | Entered Level 5 of the Dungeon
  2762 | D:5      | Noticed a centaur
  2763 | D:5      | Noticed a necrophage
  2764 | D:5      | Shot with an arrow by a centaur

Illustrated notes

Levels and vault maps discovered:
D:1:      tarquinn_simple_flora_water_d, layout_basic,
          dreamdust_ecumenical_altar_angels_and_demons
D:2:      layout_loops_ring
D:3:      layout_loops_ring, serial_bayou, serial_bayou_shore_a,
          serial_bayou_ford_a, serial_bayou_pond_a, serial_bayou_lagoon_a,
          minmay_crystal_room
D:4:      layout_gridville, minmay_temple_entry_glass
D:5:      kennysheep_slugbush, layout_rooms, minmay_curled_crystal,
          minmay_misc_feat_tower, grunt_ministairs_2
Temple:   nicolae_temple_elliptical

Skill      XL: |  1  2  3  4  5 |
---------------+----------------+-----
Stealth        | 1 |  1.3
Maces & Flails | 1 |  1.3
Dodging        | 2 |  2.4
Unarmed Combat | 4 5 |  5.0
Fighting       | 2 |  2.0
Spellcasting   | |  2.5
Transmutations | |  2.5

Action                   |  1- 3 |  4- 6 || total
-------------------------+-------+-------++-------
Melee: Mace              |    80 |       ||    80
       Unarmed           |    54 |    43 ||    97
       Tailslap          |    12 |     3 ||    15
       Kick              |    11 |     6 ||    17
       Headbutt          |     4 |     2 ||     6
       Punch             |     2 |     2 ||     4
Throw: Dart              |     1 |       ||     1
 Cast: Beastly Appendage |     7 |     3 ||    10
  Use: Potion            |     1 |       ||     1
       Scroll            |       |     2 ||     2
 Stab: Sleeping          |     1 |       ||     1
Armor: Skin              |    50 |    17 ||    67
Dodge: Dodged            |    94 |    28 ||   122
